Punishers vs Little Stars
Created - November 28, 2019 at 22:39
Goals
|
| Punishers |
1 |
1 |
1 |
1 |
4 |
| Little Stars |
2 |
0 |
1 |
0 |
3 |
|
Shots
|
| Punishers |
14 |
8 |
15 |
1 |
38 |
| Little Stars |
16 |
5 |
5 |
1 |
27 |
|
1st period
1. Little Stars , Evgeny Kuznetsov 6 (Scott Kosmachuck 5, Jesse Joensuu 12) at 9:34
2. Little Stars , Scott Kosmachuck 8 (Jesse Joensuu 13, Evgeny Kuznetsov 18) at 10:14
3. Punishers , Carter Ashton 5 (Radek Faksa 2, Tyler Bertuzzi 4) at 19:00
Penalties :
No Penalty
2nd period
4. Punishers , Andreas Athanasiou 5 (Adam Pelech 2, Miikka Salomaki 13) at 16:38
Penalties :
Slava Voynov (Pro) for Roughing (Minor) at 5:45, Austen Brassard (Pro) for Slashing (Minor) at 10:46, Michael Mersch (Tex) for Hooking (Minor) at 17:03, Nikita Gusev (Pro) for Tripping (Minor) at 19:40, Scott Kosmachuck (Tex) for High sticking (Minor) at 19:44
3rd period
5. Little Stars , Daniil Tarasov 2 (Shane Gersich 3, Jason Dickinson 3) at 5:22
6. Punishers , Miikka Salomaki 14 (Dylan DeMelo 6, Garret Ross 2) at 19:01
Penalties :
Daniel Audette (Pro) for Hooking (Minor) at 6:24, Dana Tyrell (Tex) for Interference (Minor) at 10:30, Jason Dickinson (Tex) for Holding (Minor) at 12:49
Overtime #1
7. Punishers , Alex Schoenborn 1 (Nikita Gusev 6, Jordan Schmaltz 9) at 1:50
Penalties :
No Penalty
Goalie Stats
Louis Domingue (Pro), 24 saves from 27 shots - (0.889), W, 8-4-1, 61:40 minutes
Matt Murray (Tex), 34 saves from 38 shots - (0.895), OTL, 5-6-2, 61:50 minutes
Players Stats for Punishers
Player Name G A P +/- PIM S H SB GA TA FO MP PP MP PK MP
------------------------------------------------------------------------------------
Adam Pelech 0 1 1 0 0 2 3 2 1 1 0/0 26:44 3:34 3:42
Alex Schoenborn 1 0 1 1 0 1 0 0 0 0 0/0 2:50 0:22 0:00
Andreas Athanasiou 1 0 1 1 0 2 6 1 0 2 8/17 21:39 3:18 2:49
Austen Brassard 0 0 0 -1 2 1 0 0 0 0 0/0 9:55 0:00 0:00
Ben Betker 0 0 0 1 0 0 1 2 0 1 0/0 13:49 0:00 1:13
Carter Ashton 1 0 1 0 0 2 3 0 0 0 0/2 18:53 2:35 1:37
Daniel Audette 0 0 0 0 2 1 0 0 0 3 1/3 7:03 0:00 0:00
Dylan DeMelo 0 1 1 1 0 2 1 0 0 1 0/0 13:29 0:00 0:00
Garret Ross 0 1 1 1 0 1 0 1 0 0 0/1 18:53 3:05 1:37
John Macfarland 0 0 0 0 0 4 1 0 0 0 0/0 8:35 0:00 1:35
John Quenneville 0 0 0 -1 0 7 2 0 0 0 6/7 13:34 0:04 1:19
Jordan Schmaltz 0 1 1 0 0 1 1 3 0 0 0/0 21:50 2:27 2:38
Madison Bowey 0 0 0 0 0 0 1 0 0 0 0/0 21:58 2:27 1:54
Michael Joly 0 0 0 0 0 0 2 0 0 0 0/0 7:24 0:00 0:00
Miikka Salomaki 1 1 2 1 0 6 1 0 1 0 1/9 21:39 3:18 2:49
Nikita Gusev 0 1 1 0 2 3 0 1 1 0 0/0 12:33 0:08 0:00
Radek Faksa 0 1 1 0 0 0 4 1 1 0 4/10 16:31 2:39 0:16
Slava Voynov 0 0 0 0 2 2 0 1 2 0 0/0 25:50 3:34 2:35
Tyler Bertuzzi 0 1 1 0 0 3 0 0 0 1 0/0 16:11 2:34 0:00
Players Stats for Little Stars
Player Name G A P +/- PIM S H SB GA TA FO MP PP MP PK MP
------------------------------------------------------------------------------------
Anton Cederholm 0 0 0 1 0 1 1 0 1 0 0/0 12:31 0:30 0:00
Dana Tyrell 0 0 0 0 2 1 1 0 0 1 4/10 19:43 2:47 1:57
Daniel O'regan 0 0 0 -2 0 0 2 1 0 1 3/4 14:07 0:48 0:55
Daniil Tarasov 1 0 1 0 0 1 1 0 1 0 0/0 10:57 0:07 2:00
Emile Poirier 0 0 0 -1 0 1 0 0 1 0 0/0 10:35 0:07 0:43
Eric Knodel 0 0 0 -3 0 2 3 2 0 0 0/0 21:21 2:19 2:07
Evgeny Kuznetsov 1 1 2 0 0 4 3 1 1 0 17/26 21:59 2:44 3:13
Jason Dickinson 0 1 1 0 2 1 2 0 1 0 2/4 8:51 0:00 0:00
Jesse Joensuu 0 2 2 1 0 1 2 0 0 0 2/2 19:22 2:40 1:08
Michael Mersch 0 0 0 0 2 1 1 0 0 1 1/3 16:27 2:47 1:02
Patrick Wiercioch 0 0 0 -3 0 0 2 3 1 0 0/0 21:13 2:11 2:07
Reece Willcox 0 0 0 1 0 1 1 0 0 0 0/0 12:02 0:08 0:00
Scott Kosmachuck 1 1 2 1 2 5 3 1 0 0 0/0 18:55 2:38 1:04
Sebastian Wannstrom 0 0 0 -1 0 0 0 0 0 0 0/0 10:42 0:39 0:00
Shane Gersich 0 1 1 0 0 2 0 0 1 0 0/0 8:35 0:00 0:00
Tyler Wotherspoon 0 0 0 1 0 1 3 1 0 0 0/0 28:11 3:25 3:54
Tyson Barrie 0 0 0 1 0 2 2 1 2 2 0/0 28:22 3:29 3:54
Zach Budish 0 0 0 0 0 3 1 0 0 1 0/0 15:27 2:45 0:00
3 Stars
1 - Andreas Athanasiou (Pro)
2 - Miikka Salomaki (Pro)
3 - Evgeny Kuznetsov (Tex)
Power Play
Punishers - 0 on 4 Attempt(s) - 0.00%
Little Stars - 0 on 4 Attempt(s) - 0.00%
Penalty Kill
Punishers - 4 on 4 Attempt(s) - 100.00%
- Score 0 goal in Penalty Kill
Little Stars - 4 on 4 Attempt(s) - 100.00%
- Score 0 goal in Penalty Kill
Team Stat
Punishers - Hits : 26 - Faceoff Wins : 20 - Blocked Shots : 12 - Penalty Minutes : 8
Little Stars - Hits : 28 - Faceoff Wins : 29 - Blocked Shots : 10 - Penalty Minutes : 8
Official
Referees : Unknown
Linesman : Unknown
Game Notes
No Game Note
Finance
Level 1 -- Attendance: 1563 (78.15%) -- Ticket Income $54,705
Level 2 -- Attendance: 725 (72.50%) -- Ticket Income $10,875
Total Attendance: 2288 (76.27%)
Total Ticket Income: $65,580
Other Income: $3,279
Total Income: $68,859
Punishers
5 vs 5 Forward
Center Left Wing Right Wing Time % Phy DF OF
1 Andreas Athanasiou Garret Ross Miikka Salomaki 40 1 2 2
2 Radek Faksa Tyler Bertuzzi Carter Ashton 30 1 2 2
3 John Quenneville Nikita Gusev Austen Brassard 20 1 2 2
4 Daniel Audette John Macfarland Michael Joly 10 1 2 2
5 vs 5 Defense
Defense Defense Time % Phy DF OF
1 Slava Voynov Adam Pelech 40 1 2 2
2 Jordan Schmaltz Madison Bowey 30 1 2 2
3 Dylan DeMelo Ben Betker 20 1 2 2
4 Slava Voynov Adam Pelech 10 1 2 2
PowerPlay Forward
Center Left Wing Right Wing Time % Phy DF OF
1 Andreas Athanasiou Garret Ross Miikka Salomaki 60 1 2 2
2 Radek Faksa Tyler Bertuzzi Carter Ashton 40 1 2 2
PowerPlay Defense
Defense Defense Time % Phy DF OF
1 Slava Voynov Adam Pelech 60 1 2 2
2 Jordan Schmaltz Madison Bowey 40 1 2 2
Penalty Kill 4 Players Forward
Center Wing Time % Phy DF OF
1 Miikka Salomaki Andreas Athanasiou 60 1 2 2
2 Garret Ross Carter Ashton 40 1 2 2
Penalty Kill 4 Players Defense
Defense Defense Time % Phy DF OF
1 Slava Voynov Adam Pelech 60 1 2 2
2 Jordan Schmaltz Madison Bowey 40 1 2 2
Penalty Kill - 3 Players Forward
Forward Time % Phy DF OF
1 Miikka Salomaki 60 1 2 2
2 Andreas Athanasiou 40 1 2 2
Penalty Kill - 3 Players Defense
Defense Defense Time % Phy DF OF
1 Slava Voynov Adam Pelech 60 1 2 2
2 Jordan Schmaltz Madison Bowey 40 1 2 2
4 vs 4 Forward
Center Wing Time % Phy DF OF
1 Miikka Salomaki Andreas Athanasiou 60 1 2 2
2 Garret Ross Carter Ashton 40 1 2 2
4 vs 4 Defense
Defense Defense Time % Phy DF OF
1 Slava Voynov Adam Pelech 60 1 2 2
2 Jordan Schmaltz Madison Bowey 40 1 2 2
Last Minutes Offensive
Center Left Wing Right Wing Defense Defense
Andreas Athanasiou Garret Ross Miikka Salomaki Slava Voynov Adam Pelech
Last Minutes Defensive
Center Left Wing Right Wing Defense Defense
Andreas Athanasiou Garret Ross Miikka Salomaki Slava Voynov Adam Pelech
Goaltenders
Starting : Louis Domingue
Backup : Daniel Altshuller
Extra Forwards
Normal : Alex Schoenborn, Nikita Gusev, John Quenneville - PP : Alex Schoenborn, Nikita Gusev - PK : John Quenneville
Extra Defensemen
Normal : Dylan DeMelo, Ben Betker, Jordan Schmaltz - PP : Dylan DeMelo - PK : Ben Betker, Jordan Schmaltz
Penalty Shots
Miikka Salomaki, Andreas Athanasiou, Garret Ross, Carter Ashton, Radek Faksa
Scratches
Robbie Earl (Sprained Left Ankle Injury), Zack Hamill (Strained Left Elbow Injury)
Little Stars
5 vs 5 Forward
Center Left Wing Right Wing Time % Phy DF OF
1 Evgeny Kuznetsov Jesse Joensuu Scott Kosmachuck 40 1 2 2
2 Dana Tyrell Michael Mersch Zach Budish 30 1 2 2
3 Daniel O'regan Emile Poirier Sebastian Wannstrom 20 1 2 2
4 Jason Dickinson Shane Gersich Daniil Tarasov 10 1 2 2
5 vs 5 Defense
Defense Defense Time % Phy DF OF
1 Tyson Barrie Tyler Wotherspoon 40 1 2 2
2 Patrick Wiercioch Eric Knodel 30 1 2 2
3 Anton Cederholm Reece Willcox 20 1 2 2
4 Tyson Barrie Tyler Wotherspoon 10 1 2 2
PowerPlay Forward
Center Left Wing Right Wing Time % Phy DF OF
1 Evgeny Kuznetsov Jesse Joensuu Scott Kosmachuck 60 0 2 3
2 Dana Tyrell Michael Mersch Zach Budish 40 0 2 3
PowerPlay Defense
Defense Defense Time % Phy DF OF
1 Tyson Barrie Tyler Wotherspoon 60 0 2 3
2 Patrick Wiercioch Eric Knodel 40 0 2 3
Penalty Kill 4 Players Forward
Center Wing Time % Phy DF OF
1 Evgeny Kuznetsov Dana Tyrell 60 0 3 2
2 Jesse Joensuu Scott Kosmachuck 40 0 3 2
Penalty Kill 4 Players Defense
Defense Defense Time % Phy DF OF
1 Tyson Barrie Tyler Wotherspoon 60 0 3 2
2 Patrick Wiercioch Eric Knodel 40 0 3 2
Penalty Kill - 3 Players Forward
Forward Time % Phy DF OF
1 Evgeny Kuznetsov 60 0 3 2
2 Dana Tyrell 40 0 3 2
Penalty Kill - 3 Players Defense
Defense Defense Time % Phy DF OF
1 Tyson Barrie Tyler Wotherspoon 60 0 3 2
2 Patrick Wiercioch Eric Knodel 40 0 3 2
4 vs 4 Forward
Center Wing Time % Phy DF OF
1 Evgeny Kuznetsov Dana Tyrell 60 1 2 2
2 Jesse Joensuu Scott Kosmachuck 40 1 2 2
4 vs 4 Defense
Defense Defense Time % Phy DF OF
1 Tyson Barrie Tyler Wotherspoon 60 1 2 2
2 Patrick Wiercioch Eric Knodel 40 1 2 2
Last Minutes Offensive
Center Left Wing Right Wing Defense Defense
Evgeny Kuznetsov Jesse Joensuu Scott Kosmachuck Tyson Barrie Tyler Wotherspoon
Last Minutes Defensive
Center Left Wing Right Wing Defense Defense
Evgeny Kuznetsov Jesse Joensuu Scott Kosmachuck Tyson Barrie Tyler Wotherspoon
Goaltenders
Starting : Matt Murray
Backup : Peter Delmas
Extra Forwards
Normal : Daniel O'regan, Sebastian Wannstrom, Daniil Tarasov - PP : Daniel O'regan, Sebastian Wannstrom - PK : Daniil Tarasov
Extra Defensemen
Normal : Anton Cederholm, Reece Willcox, Patrick Wiercioch - PP : Anton Cederholm - PK : Reece Willcox, Patrick Wiercioch
Penalty Shots
Evgeny Kuznetsov, Dana Tyrell, Jesse Joensuu, Scott Kosmachuck, Zach Budish
Scratches
Adam Tambellini (Broken Bone (Right Leg) Injury), Justin Auger (Healthy), Ville Pokka (Healthy), Tucker Poolman (Healthy), Radel Fazleev (Healthy)
Julien Nantel (Healthy), Connor Knapp (Healthy), Spencer Martin (Healthy)
% Time on Ice - Punishers
Lines # - Real PCT - Wanted PCT - Time Play
Normal Forward
1 - 31% - 40% - 14:06
2 - 32% - 30% - 14:46
3 - 22% - 20% - 9:56
4 - 15% - 10% - 7:00
Normal Defense
1 - 35% - 40% - 16:14
2 - 35% - 30% - 15:55
3 - 27% - 20% - 12:14
4 - 3% - 10% - 1:25
PP Forward
1 - 56% - 60% - 3:22
2 - 44% - 40% - 2:39
PP Defense
1 - 59% - 60% - 3:34
2 - 41% - 40% - 2:27
PK Forward
1 - 73% - 60% - 4:24
2 - 27% - 40% - 1:37
PK Defense
1 - 68% - 60% - 4:07
2 - 32% - 40% - 1:54
PK3 Forward
1 - 0% - 60%
2 - 0% - 40%
PK3 Defense
1 - 0% - 60%
2 - 0% - 40%
44 Forward
1 - 73% - 60% - 2:45
2 - 27% - 40% - 1:00
44 Defense
1 - 55% - 60% - 2:03
2 - 45% - 40% - 1:42
Last Minute Offensive - 0:15
Last Minute Defensive - 0:00
Total
Forward - 61:50
Defense - 61:50
|
% Time on Ice - Little Stars
Lines # - Real PCT - Wanted PCT - Time Play
Normal Forward
1 - 30% - 40% - 13:34
2 - 31% - 30% - 13:59
3 - 21% - 20% - 9:41
4 - 19% - 10% - 8:35
Normal Defense
1 - 35% - 40% - 16:07
2 - 34% - 30% - 15:31
3 - 26% - 20% - 12:01
4 - 5% - 10% - 2:10
PP Forward
1 - 54% - 60% - 3:14
2 - 46% - 40% - 2:47
PP Defense
1 - 64% - 60% - 3:50
2 - 36% - 40% - 2:11
PK Forward
1 - 81% - 60% - 4:53
2 - 19% - 40% - 1:08
PK Defense
1 - 65% - 60% - 3:54
2 - 35% - 40% - 2:07
PK3 Forward
1 - 0% - 60%
2 - 0% - 40%
PK3 Defense
1 - 0% - 60%
2 - 0% - 40%
44 Forward
1 - 77% - 60% - 2:54
2 - 23% - 40% - 0:51
44 Defense
1 - 69% - 60% - 2:35
2 - 31% - 40% - 1:10
Last Minute Offensive - 0:00
Last Minute Defensive - 0:14
Total
Forward - 61:50
Defense - 61:50
|
Play-by-Play
1st period
0:01 of 1st period - Andreas Athanasiou wins face-off versus Evgeny Kuznetsov in neutral zone.
0:27 of 1st period - Dana Tyrell is hit by Radek Faksa and loses puck.
0:51 of 1st period - Slapshot by Jordan Schmaltz.
0:51 of 1st period - Stopped by Matt Murray with a rebound.
1:17 of 1st period - Snap shot by Shane Gersich.
1:17 of 1st period - Stopped by Louis Domingue with a rebound.
1:40 of 1st period - Wrist shot by Andreas Athanasiou.
1:40 of 1st period - Stopped by Matt Murray with a rebound.
1:56 of 1st period - Backhand shot by Tyler Bertuzzi.
1:56 of 1st period - Stopped by Matt Murray with a rebound.
2:36 of 1st period - Slapshot by John Macfarland.
2:36 of 1st period - Shot Misses the Net.
2:57 of 1st period - Wrist shot by Dana Tyrell.
2:57 of 1st period - Stopped by Louis Domingue without a rebound.
2:58 of 1st period - Radek Faksa wins face-off versus Evgeny Kuznetsov in Punishers zone.
3:32 of 1st period - Snap shot by Dana Tyrell.
3:32 of 1st period - Shot Misses the Net.
4:01 of 1st period - Icing by Adam Pelech.
4:02 of 1st period - Daniel Audette wins face-off versus Jason Dickinson in Punishers zone.
4:13 of 1st period - Wrist shot by John Macfarland.
4:13 of 1st period - Stopped by Matt Murray with a rebound.
5:16 of 1st period - Slapshot by John Macfarland.
5:16 of 1st period - Stopped by Matt Murray with a rebound.
6:14 of 1st period - Snap shot by Dana Tyrell.
6:14 of 1st period - Shot Blocked by Jordan Schmaltz.
6:16 of 1st period - Backhand shot by Michael Mersch.
6:16 of 1st period - Stopped by Louis Domingue with a rebound.
6:38 of 1st period - Snap shot by Shane Gersich.
6:38 of 1st period - Stopped by Louis Domingue without a rebound.
6:39 of 1st period - Evgeny Kuznetsov wins face-off versus Andreas Athanasiou in Punishers zone.
7:11 of 1st period - Slapshot by Zach Budish.
7:11 of 1st period - Stopped by Louis Domingue with a rebound.
7:15 of 1st period - Snap shot by Zach Budish.
7:15 of 1st period - Stopped by Louis Domingue without a rebound.
7:16 of 1st period - Daniel O'regan wins face-off versus Andreas Athanasiou in Punishers zone.
7:43 of 1st period - Carter Ashton is hit by Evgeny Kuznetsov and loses puck.
7:48 of 1st period - Wrist shot by Jesse Joensuu.
7:48 of 1st period - Shot Misses the Net.
7:50 of 1st period - Slapshot by Scott Kosmachuck.
7:50 of 1st period - Stopped by Louis Domingue without a rebound.
7:51 of 1st period - Evgeny Kuznetsov wins face-off versus Radek Faksa in Punishers zone.
7:58 of 1st period - Wrist shot by Evgeny Kuznetsov.
7:58 of 1st period - Stopped by Louis Domingue with a rebound.
8:24 of 1st period - Slapshot by Tyson Barrie.
8:24 of 1st period - Stopped by Louis Domingue with a rebound.
9:04 of 1st period - Snap shot by Emile Poirier.
9:04 of 1st period - Shot Blocked by Garret Ross.
9:06 of 1st period - Slapshot by Anton Cederholm.
9:06 of 1st period - Stopped by Louis Domingue with a rebound.
9:08 of 1st period - Slapshot by Reece Willcox.
9:08 of 1st period - Shot Blocked by Adam Pelech.
9:14 of 1st period - Snap shot by Emile Poirier.
9:14 of 1st period - Stopped by Louis Domingue with a rebound.
9:24 of 1st period - Snap shot by Nikita Gusev.
9:24 of 1st period - Stopped by Matt Murray with a rebound.
9:34 of 1st period - Wrist shot by Evgeny Kuznetsov.
9:34 of 1st period - Goal by Evgeny Kuznetsov - Punishers : 0 - Little Stars : 1.
9:35 of 1st period - Evgeny Kuznetsov wins face-off versus Carter Ashton in neutral zone.
9:44 of 1st period - Wrist shot by Jesse Joensuu.
9:44 of 1st period - Stopped by Louis Domingue without a rebound.
9:45 of 1st period - Jesse Joensuu wins face-off versus Radek Faksa in Punishers zone.
10:02 of 1st period - Wrist shot by Scott Kosmachuck.
10:02 of 1st period - Stopped by Louis Domingue with a rebound.
10:04 of 1st period - Wrist shot by Jesse Joensuu.
10:04 of 1st period - Shot Blocked by Ben Betker.
10:12 of 1st period - Snap shot by Jesse Joensuu.
10:12 of 1st period - Shot Blocked by Ben Betker.
10:14 of 1st period - Backhand shot by Scott Kosmachuck.
10:14 of 1st period - Goal by Scott Kosmachuck - Punishers : 0 - Little Stars : 2.
10:15 of 1st period - Dana Tyrell wins face-off versus Andreas Athanasiou in neutral zone.
10:24 of 1st period - Tyler Wotherspoon is hit by Adam Pelech and loses puck.
10:41 of 1st period - Tyler Wotherspoon is hit by Adam Pelech and loses puck.
11:43 of 1st period - Michael Mersch is hit by Andreas Athanasiou and loses puck.
12:04 of 1st period - Snap shot by Nikita Gusev.
12:04 of 1st period - Stopped by Matt Murray with a rebound.
12:06 of 1st period - Wrist shot by Nikita Gusev.
12:06 of 1st period - Deflect By John Quenneville.
12:06 of 1st period - Stopped by Matt Murray with a rebound.
12:08 of 1st period - Slapshot by Jordan Schmaltz.
12:08 of 1st period - Shot Blocked by Tyson Barrie.
12:10 of 1st period - Slapshot by Jordan Schmaltz.
12:10 of 1st period - Shot Blocked by Scott Kosmachuck.
12:12 of 1st period - Snap shot by Austen Brassard.
12:12 of 1st period - Stopped by Matt Murray with a rebound.
12:48 of 1st period - Slapshot by Tyson Barrie.
12:48 of 1st period - Stopped by Louis Domingue with a rebound.
13:06 of 1st period - Snap shot by John Quenneville.
13:06 of 1st period - Stopped by Matt Murray with a rebound.
13:24 of 1st period - Anton Cederholm is hit by Radek Faksa and loses puck.
13:33 of 1st period - Wrist shot by Jason Dickinson.
13:33 of 1st period - Shot Blocked by Jordan Schmaltz.
13:51 of 1st period - Emile Poirier is hit by Madison Bowey and loses puck.
14:26 of 1st period - Dylan DeMelo is hit by Patrick Wiercioch and loses puck.
15:09 of 1st period - Garret Ross is hit by Jason Dickinson and loses puck.
15:27 of 1st period - Snap shot by Zach Budish.
15:27 of 1st period - Shot Misses the Net.
15:58 of 1st period - Snap shot by John Quenneville.
15:58 of 1st period - Stopped by Matt Murray with a rebound.
16:00 of 1st period - Slapshot by Slava Voynov.
16:00 of 1st period - Shot Hit the Post.
16:26 of 1st period - Adam Pelech is hit by Tyler Wotherspoon and loses puck.
16:39 of 1st period - Tyson Barrie is hit by Andreas Athanasiou and loses puck.
16:48 of 1st period - Madison Bowey is hit by Reece Willcox.
17:00 of 1st period - Ben Betker is hit by Jesse Joensuu and loses puck.
17:05 of 1st period - Backhand shot by Scott Kosmachuck.
17:05 of 1st period - Shot Misses the Net.
17:18 of 1st period - Off-side.
17:19 of 1st period - Jason Dickinson wins face-off versus Radek Faksa in neutral zone.
17:22 of 1st period - Radek Faksa is hit by Daniil Tarasov and loses puck.
17:29 of 1st period - Carter Ashton is hit by Jason Dickinson and loses puck.
17:48 of 1st period - Snap shot by Garret Ross.
17:48 of 1st period - Shot Blocked by Tyler Wotherspoon.
17:54 of 1st period - Slapshot by Miikka Salomaki.
17:54 of 1st period - Stopped by Matt Murray with a rebound.
18:10 of 1st period - Snap shot by Slava Voynov.
18:10 of 1st period - Stopped by Matt Murray with a rebound.
18:58 of 1st period - Snap shot by Radek Faksa.
18:58 of 1st period - Shot Blocked by Patrick Wiercioch.
19:00 of 1st period - Snap shot by Carter Ashton.
19:00 of 1st period - Goal by Carter Ashton - Punishers : 1 - Little Stars : 2.
19:01 of 1st period - Andreas Athanasiou wins face-off versus Evgeny Kuznetsov in neutral zone.
19:51 of 1st period - Snap shot by Nikita Gusev.
19:51 of 1st period - Shot Misses the Net.
19:54 of 1st period - Icing by Eric Knodel.
19:55 of 1st period - Daniel O'regan wins face-off versus Andreas Athanasiou in Little Stars zone.
Goals for this period are 1 for Punishers vs 2 for Little Stars.
Shots for this period are 14 for Punishers vs 16 for Little Stars.
2nd period
0:01 of 2nd period - Andreas Athanasiou wins face-off versus Evgeny Kuznetsov in neutral zone.
0:08 of 2nd period - Snap shot by Miikka Salomaki.
0:08 of 2nd period - Shot Misses the Net.
0:14 of 2nd period - Andreas Athanasiou is hit by Scott Kosmachuck and loses puck.
0:30 of 2nd period - Daniel O'regan is hit by Miikka Salomaki and loses puck.
0:35 of 2nd period - Snap shot by Miikka Salomaki.
0:35 of 2nd period - Stopped by Matt Murray without a rebound.
0:36 of 2nd period - Evgeny Kuznetsov wins face-off versus Radek Faksa in Little Stars zone.
0:55 of 2nd period - Patrick Wiercioch is hit by Carter Ashton and loses puck.
1:28 of 2nd period - Wrist shot by Nikita Gusev.
1:28 of 2nd period - Deflect By John Quenneville.
1:28 of 2nd period - Shot Misses the Net.
1:28 of 2nd period - Puck is out of play.
1:29 of 2nd period - John Quenneville wins face-off versus Dana Tyrell in Little Stars zone.
1:38 of 2nd period - Madison Bowey is hit by Tyson Barrie and loses puck.
2:03 of 2nd period - Slapshot by Garret Ross.
2:03 of 2nd period - Shot Misses the Net.
2:05 of 2nd period - Wrist shot by Miikka Salomaki.
2:05 of 2nd period - Shot Misses the Net.
2:38 of 2nd period - Slapshot by Tyson Barrie.
2:38 of 2nd period - Deflect By Michael Mersch.
2:38 of 2nd period - Shot Misses the Net.
2:38 of 2nd period - Puck is out of play.
2:39 of 2nd period - Dana Tyrell wins face-off versus Daniel Audette in Punishers zone.
2:40 of 2nd period - Snap shot by Zach Budish.
2:40 of 2nd period - Shot Blocked by Slava Voynov.
4:16 of 2nd period - Austen Brassard is hit by Zach Budish and loses puck.
4:29 of 2nd period - Patrick Wiercioch is hit by Michael Joly and loses puck.
4:34 of 2nd period - Snap shot by John Macfarland.
4:34 of 2nd period - Stopped by Matt Murray with a rebound.
4:54 of 2nd period - Wrist shot by Shane Gersich.
4:54 of 2nd period - Shot Misses the Net.
4:56 of 2nd period - Slapshot by Eric Knodel.
4:56 of 2nd period - Stopped by Louis Domingue with a rebound.
5:45 of 2nd period - Minor Penalty to Slava Voynov for Roughing.
5:46 of 2nd period - Evgeny Kuznetsov wins face-off versus Miikka Salomaki in Punishers zone.
6:00 of 2nd period - Wrist shot by Jesse Joensuu.
6:00 of 2nd period - Shot Misses the Net.
6:47 of 2nd period - Evgeny Kuznetsov is hit by Adam Pelech and loses puck.
7:12 of 2nd period - Tyson Barrie is hit by Jordan Schmaltz and loses puck.
7:35 of 2nd period - Jordan Schmaltz is hit by Daniel O'regan and loses puck.
7:45 of 2nd period - Penalty to Slava Voynov is over, Slava Voynov is back on ice.
8:07 of 2nd period - Shane Gersich is hit by Carter Ashton and loses puck.
8:24 of 2nd period - Reece Willcox is hit by Dylan DeMelo and loses puck.
9:39 of 2nd period - Anton Cederholm is hit by Radek Faksa and loses puck.
10:06 of 2nd period - Evgeny Kuznetsov is hit by Michael Joly and loses puck.
10:15 of 2nd period - Ben Betker is hit by Tyler Wotherspoon.
10:46 of 2nd period - Minor Penalty to Austen Brassard for Slashing.
10:47 of 2nd period - Michael Mersch wins face-off versus Miikka Salomaki in Punishers zone.
12:46 of 2nd period - Penalty to Austen Brassard is over, Austen Brassard is back on ice.
12:52 of 2nd period - Slapshot by Adam Pelech.
12:52 of 2nd period - Stopped by Matt Murray without a rebound.
12:53 of 2nd period - John Quenneville wins face-off versus Jason Dickinson in Little Stars zone.
13:16 of 2nd period - Ben Betker is hit by Daniel O'regan and loses puck.
13:23 of 2nd period - Snap shot by Daniel O'regan.
13:23 of 2nd period - Shot Blocked by Radek Faksa.
14:22 of 2nd period - Wrist shot by Radek Faksa.
14:22 of 2nd period - Shot Hit the Post.
15:23 of 2nd period - Slapshot by Miikka Salomaki.
15:23 of 2nd period - Stopped by Matt Murray without a rebound.
15:24 of 2nd period - Andreas Athanasiou wins face-off versus Michael Mersch in Little Stars zone.
15:54 of 2nd period - Dylan DeMelo is hit by Jesse Joensuu.
16:14 of 2nd period - Slapshot by Slava Voynov.
16:14 of 2nd period - Shot Blocked by Patrick Wiercioch.
16:16 of 2nd period - Snap shot by Adam Pelech.
16:16 of 2nd period - Shot Misses the Net.
16:20 of 2nd period - Snap shot by John Macfarland.
16:20 of 2nd period - Shot Misses the Net.
16:22 of 2nd period - Slapshot by Ben Betker.
16:22 of 2nd period - Shot Misses the Net.
16:32 of 2nd period - Snap shot by Miikka Salomaki.
16:32 of 2nd period - Stopped by Matt Murray with a rebound.
16:34 of 2nd period - Wrist shot by Miikka Salomaki.
16:34 of 2nd period - Shot Misses the Net.
16:36 of 2nd period - Slapshot by Adam Pelech.
16:36 of 2nd period - Stopped by Matt Murray with a rebound.
16:38 of 2nd period - Slapshot by Andreas Athanasiou.
16:38 of 2nd period - Goal by Andreas Athanasiou - Punishers : 2 - Little Stars : 2.
16:39 of 2nd period - Evgeny Kuznetsov wins face-off versus Miikka Salomaki in neutral zone.
16:42 of 2nd period - Slapshot by Tyler Wotherspoon.
16:42 of 2nd period - Deflect By Adam Pelech.
16:42 of 2nd period - Stopped by Louis Domingue with a rebound.
16:44 of 2nd period - Slapshot by Tyson Barrie.
16:44 of 2nd period - Shot Misses the Net.
16:46 of 2nd period - Snap shot by Evgeny Kuznetsov.
16:46 of 2nd period - Shot Misses the Net.
16:48 of 2nd period - Slapshot by Evgeny Kuznetsov.
16:48 of 2nd period - Stopped by Louis Domingue with a rebound.
16:50 of 2nd period - Wrist shot by Scott Kosmachuck.
16:50 of 2nd period - Shot Misses the Net.
16:52 of 2nd period - Wrist shot by Tyler Wotherspoon.
16:52 of 2nd period - Shot Blocked by Andreas Athanasiou.
16:54 of 2nd period - Snap shot by Scott Kosmachuck.
16:54 of 2nd period - Stopped by Louis Domingue with a rebound.
17:03 of 2nd period - Minor Penalty to Michael Mersch for Hooking.
17:04 of 2nd period - Andreas Athanasiou wins face-off versus Evgeny Kuznetsov in Little Stars zone.
19:03 of 2nd period - Penalty to Michael Mersch is over, Michael Mersch is back on ice.
19:17 of 2nd period - Snap shot by Shane Gersich.
19:17 of 2nd period - Deflect By Jason Dickinson.
19:17 of 2nd period - Stopped by Louis Domingue without a rebound.
19:18 of 2nd period - John Quenneville wins face-off versus Michael Mersch in Punishers zone.
19:24 of 2nd period - Dylan DeMelo is hit by Eric Knodel and loses puck.
19:27 of 2nd period - Slapshot by Nikita Gusev.
19:27 of 2nd period - Stopped by Matt Murray without a rebound.
19:28 of 2nd period - John Quenneville wins face-off versus Dana Tyrell in Little Stars zone.
19:40 of 2nd period - Minor Penalty to Nikita Gusev for Tripping.
19:41 of 2nd period - Evgeny Kuznetsov wins face-off versus Miikka Salomaki in Punishers zone.
19:44 of 2nd period - Minor Penalty to Scott Kosmachuck for High sticking.
19:45 of 2nd period - Evgeny Kuznetsov wins face-off versus Miikka Salomaki in Little Stars zone.
19:49 of 2nd period - Slapshot by Tyson Barrie.
19:49 of 2nd period - Shot Blocked by Adam Pelech.
Goals for this period are 1 for Punishers vs 0 for Little Stars.
Shots for this period are 8 for Punishers vs 5 for Little Stars.
3rd period
0:01 of 3rd period - Evgeny Kuznetsov wins face-off versus Miikka Salomaki in neutral zone.
0:12 of 3rd period - Snap shot by Miikka Salomaki.
0:12 of 3rd period - Stopped by Matt Murray with a rebound.
1:00 of 3rd period - Andreas Athanasiou is hit by Tyson Barrie and loses puck.
1:27 of 3rd period - Jordan Schmaltz is hit by Evgeny Kuznetsov and loses puck.
1:40 of 3rd period - Penalty to Nikita Gusev is over, Nikita Gusev is back on ice.
1:44 of 3rd period - Penalty to Scott Kosmachuck is over, Scott Kosmachuck is back on ice.
1:48 of 3rd period - Snap shot by Nikita Gusev.
1:48 of 3rd period - Shot Misses the Net.
2:40 of 3rd period - Wrist shot by John Quenneville.
2:40 of 3rd period - Shot Misses the Net.
2:42 of 3rd period - Backhand shot by Nikita Gusev.
2:42 of 3rd period - Shot Blocked by Daniel O'regan.
2:44 of 3rd period - Snap shot by Nikita Gusev.
2:44 of 3rd period - Shot Misses the Net.
2:46 of 3rd period - Slapshot by Jordan Schmaltz.
2:46 of 3rd period - Deflect By John Quenneville.
2:46 of 3rd period - Stopped by Matt Murray with a rebound.
2:48 of 3rd period - Slapshot by Madison Bowey.
2:48 of 3rd period - Shot Misses the Net.
2:50 of 3rd period - Wrist shot by John Quenneville.
2:50 of 3rd period - Stopped by Matt Murray with a rebound.
2:52 of 3rd period - Snap shot by Jordan Schmaltz.
2:52 of 3rd period - Shot Blocked by Patrick Wiercioch.
2:54 of 3rd period - Snap shot by John Quenneville.
2:54 of 3rd period - Stopped by Matt Murray with a rebound.
2:56 of 3rd period - Wrist shot by John Quenneville.
2:56 of 3rd period - Stopped by Matt Murray without a rebound.
2:57 of 3rd period - Dana Tyrell wins face-off versus Radek Faksa in Little Stars zone.
2:57 of 3rd period - Dana Tyrell is hit by Carter Ashton.
3:00 of 3rd period - Icing by Tyson Barrie.
3:01 of 3rd period - Radek Faksa wins face-off versus Dana Tyrell in Little Stars zone.
3:02 of 3rd period - Slapshot by Tyler Bertuzzi.
3:02 of 3rd period - Stopped by Matt Murray without a rebound.
3:03 of 3rd period - Radek Faksa wins face-off versus Dana Tyrell in Little Stars zone.
3:39 of 3rd period - Snap shot by Michael Mersch.
3:39 of 3rd period - Shot Misses the Net.
4:05 of 3rd period - Slapshot by Slava Voynov.
4:05 of 3rd period - Deflect By Tyler Wotherspoon.
4:05 of 3rd period - Stopped by Matt Murray with a rebound.
4:31 of 3rd period - Zach Budish is hit by Radek Faksa and loses puck.
4:44 of 3rd period - Off-side.
4:45 of 3rd period - Andreas Athanasiou wins face-off versus Evgeny Kuznetsov in neutral zone.
4:48 of 3rd period - Scott Kosmachuck is hit by Andreas Athanasiou and loses puck.
5:11 of 3rd period - Madison Bowey is hit by Eric Knodel and loses puck.
5:20 of 3rd period - Slapshot by Shane Gersich.
5:20 of 3rd period - Shot Blocked by Jordan Schmaltz.
5:22 of 3rd period - Snap shot by Daniil Tarasov.
5:22 of 3rd period - Goal by Daniil Tarasov - Punishers : 2 - Little Stars : 3.
5:23 of 3rd period - John Quenneville wins face-off versus Evgeny Kuznetsov in neutral zone.
5:26 of 3rd period - Slapshot by Dylan DeMelo.
5:26 of 3rd period - Stopped by Matt Murray with a rebound.
6:10 of 3rd period - Backhand shot by John Macfarland.
6:10 of 3rd period - Stopped by Matt Murray with a rebound.
6:24 of 3rd period - Minor Penalty to Daniel Audette for Hooking.
6:25 of 3rd period - Miikka Salomaki wins face-off versus Evgeny Kuznetsov in Punishers zone.
6:51 of 3rd period - Michael Mersch is hit by Andreas Athanasiou and loses puck.
8:14 of 3rd period - Slava Voynov is hit by Dana Tyrell and loses puck.
8:24 of 3rd period - Penalty to Daniel Audette is over, Daniel Audette is back on ice.
8:27 of 3rd period - Slapshot by Garret Ross.
8:27 of 3rd period - Stopped by Matt Murray without a rebound.
8:28 of 3rd period - Radek Faksa wins face-off versus Dana Tyrell in Little Stars zone.
8:31 of 3rd period - Snap shot by Tyler Bertuzzi.
8:31 of 3rd period - Stopped by Matt Murray without a rebound.
8:32 of 3rd period - Dana Tyrell wins face-off versus Carter Ashton in Little Stars zone.
8:32 of 3rd period - Dana Tyrell is hit by Ben Betker.
8:46 of 3rd period - Dylan DeMelo is hit by Anton Cederholm.
9:18 of 3rd period - Icing by Ben Betker.
9:19 of 3rd period - Evgeny Kuznetsov wins face-off versus Radek Faksa in Punishers zone.
9:38 of 3rd period - Snap shot by Carter Ashton.
9:38 of 3rd period - Stopped by Matt Murray with a rebound.
9:51 of 3rd period - Off-side.
9:52 of 3rd period - Andreas Athanasiou wins face-off versus Dana Tyrell in neutral zone.
10:00 of 3rd period - Snap shot by Zach Budish.
10:00 of 3rd period - Stopped by Louis Domingue with a rebound.
10:02 of 3rd period - Slapshot by Eric Knodel.
10:02 of 3rd period - Stopped by Louis Domingue without a rebound.
10:03 of 3rd period - Andreas Athanasiou wins face-off versus Evgeny Kuznetsov in Punishers zone.
10:03 of 3rd period - Andreas Athanasiou is hit by Evgeny Kuznetsov.
10:30 of 3rd period - Minor Penalty to Dana Tyrell for Interference.
10:31 of 3rd period - Evgeny Kuznetsov wins face-off versus Andreas Athanasiou in Little Stars zone.
10:31 of 3rd period - Evgeny Kuznetsov is hit by Andreas Athanasiou.
10:36 of 3rd period - Off-side.
10:37 of 3rd period - Evgeny Kuznetsov wins face-off versus Andreas Athanasiou in neutral zone.
10:44 of 3rd period - Wrist shot by Evgeny Kuznetsov.
10:44 of 3rd period - Shot Misses the Net.
10:52 of 3rd period - Slapshot by Slava Voynov.
10:52 of 3rd period - Deflect By Garret Ross.
10:52 of 3rd period - Shot Blocked by Evgeny Kuznetsov.
10:52 of 3rd period - Puck is out of play.
10:53 of 3rd period - Evgeny Kuznetsov wins face-off versus Andreas Athanasiou in Little Stars zone.
11:48 of 3rd period - Carter Ashton is hit by Michael Mersch.
12:30 of 3rd period - Penalty to Dana Tyrell is over, Dana Tyrell is back on ice.
12:36 of 3rd period - Jason Dickinson is hit by John Quenneville and loses puck.
12:49 of 3rd period - Minor Penalty to Jason Dickinson for Holding.
12:50 of 3rd period - Evgeny Kuznetsov wins face-off versus Andreas Athanasiou in Little Stars zone.
12:54 of 3rd period - Garret Ross is hit by Eric Knodel.
12:58 of 3rd period - Slapshot by Slava Voynov.
12:58 of 3rd period - Shot Blocked by Eric Knodel.
14:49 of 3rd period - Penalty to Jason Dickinson is over, Jason Dickinson is back on ice.
15:46 of 3rd period - Michael Joly is hit by Patrick Wiercioch and loses puck.
16:08 of 3rd period - Dana Tyrell is hit by Andreas Athanasiou and loses puck.
16:33 of 3rd period - Carter Ashton is hit by Scott Kosmachuck and loses puck.
17:37 of 3rd period - Daniel O'regan is hit by John Macfarland and loses puck.
17:58 of 3rd period - Snap shot by Dana Tyrell.
17:58 of 3rd period - Shot Misses the Net.
18:00 of 3rd period - Slapshot by Reece Willcox.
18:00 of 3rd period - Stopped by Louis Domingue without a rebound.
18:01 of 3rd period - Jason Dickinson wins face-off versus Andreas Athanasiou in Punishers zone.
18:04 of 3rd period - Slapshot by Daniil Tarasov.
18:04 of 3rd period - Shot Misses the Net.
18:20 of 3rd period - Slapshot by Jordan Schmaltz.
18:20 of 3rd period - Deflect By Daniel Audette.
18:20 of 3rd period - Stopped by Matt Murray without a rebound.
18:21 of 3rd period - Evgeny Kuznetsov wins face-off versus Daniel Audette in Little Stars zone.
18:26 of 3rd period - Slapshot by Scott Kosmachuck.
18:26 of 3rd period - Deflect By Dylan DeMelo.
18:26 of 3rd period - Stopped by Louis Domingue without a rebound.
18:27 of 3rd period - Daniel O'regan wins face-off versus John Quenneville in Punishers zone.
18:28 of 3rd period - Wrist shot by Patrick Wiercioch.
18:28 of 3rd period - Shot Blocked by Nikita Gusev.
18:34 of 3rd period - Daniel O'regan is hit by John Quenneville and loses puck.
18:51 of 3rd period - Punishers, Louis Domingue is pulled from the net.
18:57 of 3rd period - Snap shot by Miikka Salomaki.
18:57 of 3rd period - Shot Blocked by Eric Knodel.
18:59 of 3rd period - Slapshot by Dylan DeMelo.
18:59 of 3rd period - Stopped by Matt Murray with a rebound.
19:01 of 3rd period - Snap shot by Miikka Salomaki.
19:01 of 3rd period - Goal by Miikka Salomaki - Punishers : 3 - Little Stars : 3.
19:01 of 3rd period - Louis Domingue from Punishers was sent back in the game.
19:02 of 3rd period - John Quenneville wins face-off versus Daniel O'regan in neutral zone.
19:06 of 3rd period - Adam Pelech is hit by Tyler Wotherspoon and loses puck.
Goals for this period are 1 for Punishers vs 1 for Little Stars.
Shots for this period are 15 for Punishers vs 5 for Little Stars.
Overtime #1
0:01 of 1st overtime period - Evgeny Kuznetsov wins face-off versus Miikka Salomaki in neutral zone.
0:10 of 1st overtime period - Snap shot by Evgeny Kuznetsov.
0:10 of 1st overtime period - Stopped by Louis Domingue without a rebound.
0:11 of 1st overtime period - Evgeny Kuznetsov wins face-off versus Miikka Salomaki in Punishers zone.
0:49 of 1st overtime period - Off-side.
0:50 of 1st overtime period - Jesse Joensuu wins face-off versus Garret Ross in neutral zone.
0:57 of 1st overtime period - Madison Bowey is hit by Scott Kosmachuck and loses puck.
1:50 of 1st overtime period - Snap shot by Nikita Gusev.
1:50 of 1st overtime period - Deflect By Alex Schoenborn.
1:50 of 1st overtime period - Goal by Alex Schoenborn - Punishers : 4 - Little Stars : 3.
Goals for this period are 1 for Punishers vs 0 for Little Stars.
Shots for this period are 1 for Punishers vs 1 for Little Stars.
Back to the Top